 Dungeon Crawl Stone Soup version 0.21.1-1-g345015f (webtiles) character file.

185 Hasart the Firebug (level 5, -13/38 HPs)
             Began as a Demigod Fire Elementalist on Apr 5, 2018.
             Killed by divine providence
             ... invoked by an orc priest
              (17 damage)
             ... on level 4 of the Dungeon.
             The game lasted 00:08:42 (3315 turns).

Hasart the Firebug (Demigod Fire Elementalist)      Turns: 3315, Time: 00:08:43

Health: -13/38     AC:  5    Str: 11    XL:     5   Next: 14%
Magic:  1/12       EV: 12    Int: 21    God:
Gold:   115        SH:  0    Dex: 16    Spells: 4/9 levels left

rFire    . . .     SeeInvis .   i - +0 dagger
rCold    . . .     Gourm    .   (no shield)
rNeg     . . .     Faith    .   a - +0 robe
rPois    .         Spirit   .   n - +0 helmet
rElec    .         Reflect  .   u - +0 cloak
rCorr    .         Harm     .   v - +0 pair of gloves
MR       .....                  (no boots)
Stlth    ++........             (no amulet)
HPRegen  0.12/turn              (no ring)
MPRegen  0.13/turn              (no ring)

@: very slightly contaminated
A: high mp 1
a: no special abilities


You were on level 4 of the Dungeon.
You were not hungry.

You visited 1 branch of the dungeon, and saw 4 of its levels.

You collected 115 gold pieces.

Inventory:

Hand Weapons
 i - a +0 dagger (weapon)
Armour
 a - a +0 robe (worn)
 n - a +0 helmet (worn)
 u - a +0 cloak (worn)
 v - a +0 pair of gloves (worn)
Jewellery
 r - a +4 ring of strength {unknown}
Scrolls
 d - 5 scrolls of identify {unknown}
 h - 2 scrolls of teleportation {unknown}
 m - a scroll of fear {unknown}
 o - a scroll of fog {unknown}
 p - a scroll of remove curse {unknown}
 s - a scroll of enchant weapon {unknown}
Potions
 e - a potion of might {unknown}
 f - a potion of curing
 g - a potion of brilliance {unknown}
 j - a potion of invisibility {unknown}
 k - 2 potions of ambrosia {unknown}
 l - a potion of mutation {unknown}
 t - a potion of degeneration {unknown}
Books
 b - a book of Flames

   Spells                             Type                      Level
   a - Flame Tongue                   Conjuration/Fire             1
   b - Throw Flame                    Conjuration/Fire             2
   c - Conjure Flame                  Conjuration/Fire             3
   d - Inner Flame                    Hexes/Fire                   3
   e - Sticky Flame                   Conjuration/Fire             4
   f - Fireball                       Conjuration/Fire             5
Comestibles
 c - 11 rations
 q - 2 chunks of flesh


   Skills:
 - Level 1.7 Dodging
 - Level 1.7 Stealth
 + Level 2.7 Spellcasting
 * Level 2.9 Conjurations
 + Level 4.1 Fire Magic


You had 4 spell levels left.
You knew the following spells:

 Your Spells              Type           Power        Failure   Level  Hunger
a - Flame Tongue          Conj/Fire      ###..        3%          1    None
b - Sticky Flame          Conj/Fire      ###.....     32%         4    ####...


Dungeon Overview and Level Annotations

Branches:
Dungeon (4/15)
 Temple: D:4-7


Innate Abilities, Weirdness & Mutations

You have an increased reservoir of magic. (+10% MP)


Message History

Press: ? - help, Shift-Dir - straight line, f - orc wizard
Aim: an orc wizard, wielding a dagger and wearing a robe (moderately wounded)
You miscast Sticky Flame.
You are very lightly contaminated with residual magic.
Strange energies run through your body.
Casting: Sticky Flame
Confirm with . or Enter, or press ? or * to list all spells.
Aiming: Sticky Flame
Press: ? - help, Shift-Dir - straight line, f/p - orc wizard
Aim: an orc wizard, wielding a dagger and wearing a robe (moderately wounded)
The sticky flame hits the orc wizard.
The orc wizard is severely wounded.
The orc wizard is covered in liquid flames!
The orc wizard burns!
You kill the orc wizard!
You have reached level 5!
The orc barely misses you.
The orc priest invokes the aid of Beogh against you.
Beogh smites you!
You die...

###########
#.).......#
###
#[#######.#
.. ######.#
#.# .#
##...(..#
#.###o#
o.......#
#.@.o)#
##.####.#
#†#####
.#.# #.#
#.# .#.##
#.# #.#
..... ...
... .#..#
### #.#
...... #.#
...... #.#
##..##


You could see an orc priest and an orc.

Vanquished Creatures
  A hound (D:4)
  An orc wizard (D:4)
  A worker ant (D:4)
  An adder (D:2)
  3 gnolls (D:3)
  An ooze (D:2)
  2 worms
  2 leopard geckos (D:1)
  8 orcs
  2 giant cockroaches
  8 goblins
  2 hobgoblins
  2 jackals (D:3)
  A quokka (D:3)
  A ball python (D:1)
  6 bats
  3 frilled lizards
  4 kobolds
  4 rats
53 creatures vanquished.

Vanquished Creatures (others)
  A hobgoblin (D:2)
  A quokka (D:2)
2 creatures vanquished.

Grand Total: 55 creatures vanquished

Notes
Turn   | Place    | Note
-------+----------+-------------------------------------------
     0 | D:1      | Hasart the Demigod Fire Elementalist began the quest for the Orb.
     0 | D:1      | Reached XP level 1. HP: 14/14 MP: 5/5
    44 | D:1      | Reached skill level 1 in Conjurations
   289 | D:1      | Reached skill level 3 in Fire Magic
   789 | D:1      | Reached XP level 2. HP: 20/20 MP: 2/7
  1044 | D:1      | Found a glowing golden altar of the Shining One.
  1238 | D:2      | Found a radiant altar of Vehumet.
  1368 | D:2      | Found a white marble altar of Elyvilon.
  1468 | D:2      | Reached XP level 3. HP: 26/26 MP: 6/8
  2194 | D:3      | Reached XP level 4. HP: 31/33 MP: 6/10
  2203 | D:3      | Learned a level 4 spell: Sticky Flame
  3209 | D:4      | HP: 1/33 [hound (4)]
  3211 | D:4      | Reached skill level 4 in Fire Magic
  3313 | D:4      | Reached XP level 5. HP: 4/38 MP: 0/12
  3315 | D:4      | Killed from afar by an orc priest

Skill      XL: |  1  2  3  4 |
---------------+-------------+-----
Conjurations   | 1 2 |  2.9
Fire Magic     | 3 4 |  4.1
Spellcasting   | 2 |  2.7
Dodging        | |  1.7
Stealth        | |  1.7

Action                   |  1- 3 |  4- 6 || total
-------------------------+-------+-------++-------
Melee: Dagger            |    19 |    32 ||    51
 Cast: Flame Tongue      |    59 |    37 ||    96
       Sticky Flame      |       |     2 ||     2
  Use: Potion            |       |     1 ||     1
 Stab: Sleeping          |       |     1 ||     1
  Eat: Chunk             |     4 |     4 ||     8
Armor: Robe              |     7 |    11 ||    18
Dodge: Dodged            |    23 |    32 ||    55
